 Dungeon Crawl Stone Soup version 0.29.1-2-gbd0b4ee654 (webtiles) character file.

Game seed: 5705602836366085513

7 qeuew the Gusty (level 1, 0/14 HPs)
             Began as a Draconian Air Elementalist on Nov 3, 2022.
             Slain by a ball python (1 damage)
             ... on level 1 of the Dungeon.
             The game lasted 00:00:30 (197 turns).

qeuew the Gusty (Draconian Air Elementalist)         Turns: 197, Time: 00:00:31

Health: 0/14       AC:  4    Str: 10    XL:     1   Next: 83%
Magic:  2/3        EV: 12    Int: 15    God:
Gold:   0          SH:  5    Dex: 11    Spells: 3/4 levels left

rFire   . . .      SeeInvis .   (no weapon)
rCold   . . .      Faith    .   (no shield)
rNeg    . . .      Spirit   .   (body armour unavailable)
rPois   .          Reflect  +   (helmet restricted)
rElec   .          Harm     .   (no cloak)
rCorr   .          Rampage  .   (no gloves)
Will    .....                   (no boots)
Stlth   ++........              b - amulet of reflection
HPRegen 0.04/turn               (no ring)
MPRegen 0.08/turn               (no ring)

@: no status effects
A: AC +4, unfitting armour, cold-blooded
a: no special abilities


You were on level 1 of the Dungeon.
You visited 1 branch of the dungeon, and saw 1 of its levels.

Inventory:

Jewellery
 b - an amulet of reflection (around neck)
Potions
 a - a potion of magic
 c - a potion of attraction {unknown}


   Skills:
 + Level 1.7 Dodging
 + Level 1.7 Stealth
 + Level 2.0 Spellcasting
 + Level 1.2 Conjurations
 + Level 3.3 Air Magic


You had 3 spell levels left.
You knew the following spells:

 Your Spells              Type           Power      Damage    Failure   Level
a - Shock                 Conj/Air       32%        1d5       9%          1

Your spell library contained the following spells:

 Spells                   Type           Power      Damage    Failure   Level
 Static Discharge         Conj/Air       8%         3-4/arc   13%         2
 Swiftness                Air            11%        N/A       17%         3
 Airstrike                Air            5%         2d(1-17)  50%         4


Dungeon Overview and Level Annotations

Branches:
Dungeon (1/15)

Altars:

Annotations:
D:1 2 transporters


Innate Abilities, Weirdness & Mutations

Your plain brown scales are hard. (AC +4)
You cannot fit into any form of body armour.
You are cold-blooded and may be slowed by cold attacks.


Message History

You feel yourself speed up. The ball python bites you.
The ball python constricts you. You block the ball python's attack.
The ball python constricts you.
You escape the ball python's grasp.
You hit the ball python.
The ball python is heavily wounded.
The ball python closely misses you. x2; The ball python barely misses you.
The ball python misses you. The rat misses you.
You closely miss the ball python.
The ball python is heavily wounded.
The ball python misses you. The ball python grabs you.
The ball python constricts you. The rat misses you.
You closely miss the ball python.
The ball python is heavily wounded.
The ball python bites you but does no damage.
The ball python constricts you. The rat bites you but does no damage.
You hit the ball python but do no damage.
Your tail-slap misses the ball python.
The ball python is heavily wounded.
The ball python bites you.
* * * LOW HITPOINT WARNING * * *
The ball python constricts you. You block the rat's attack.
You barely miss the ball python.
The ball python is heavily wounded.
The ball python barely misses you. The ball python constricts you.
The rat bites you.
* * * LOW HITPOINT WARNING * * *
You closely miss the ball python.
The ball python is heavily wounded.
The ball python barely misses you. The ball python constricts you.
* * * LOW HITPOINT WARNING * * *
You block the ball python's attack. The ball python constricts you.
* * * LOW HITPOINT WARNING * * *
The rat barely misses you.
You escape the ball python's grasp.
The rat bites you but does no damage. The rat attacks as you move away!
The rat closely misses you.
The ball python attacks as you move away!
The ball python bites you but does no damage.
You open the door. The ball python bites you.
You die...

..... ...~≈ .... ©>©.~
.... # .⌠.~~ #..#.#
~~~~≈ #..#. .. ≈≈≈≈≈ ...
#..
≈≈≈≈~###########'####...
≈≈≈≈≈#..........@.......
~≈≈≈~#..........Sr......
≈≈≈~##..................
≈≈≈≈##..............†.$.
≈≈≈~###.................
≈≈~## #.................
~≈## #.........†.......
.## #.................
..### #....###...#......


You could see a ball python and a rat.

Vanquished Creatures
  An endoplasm (D:1)
  A hobgoblin (D:1)
  3 ball pythons (D:1)
  2 rats (D:1)
7 creatures vanquished.

Notes
Turn   | Place    | Note
-------+----------+-------------------------------------------
     0 | D:1      | qeuew the Draconian Air Elementalist began the quest for
                  | the Orb.
     0 | D:1      | Reached XP level 1. HP: 14/14 MP: 3/3
   197 | D:1      | Slain by a ball python

Illustrated notes

Levels and vault maps discovered:
D:1:      spicycebolla_arrival_transporter_tutorial, layout_basic,
          ebering_ecumenical_altar_box

Action                   || total
-------------------------++-------
Melee: Unarmed           ||    23
       Tailslap          ||     3
 Cast: Shock             ||     6
Armor: Skin              ||    10
Dodge: Dodged            ||    24
Block: Other             ||     8
